Map: [ESL] Alcyone

Players

ByuN - Winner!

  • Race: Terran Terran
  • Spawn Location: 1:00

LiquidClem (Clem)

  • Race: Terran Terran
  • League: Master
  • Spawn Location: 7:00

VOD

Have the link to the VOD?

Description

Time

  • Played on: Nov. 28, 2023, 8:07 a.m.
  • Length: 6:00
Show
View Real Time Build Order
Export as new Build Order

ByuN Terran - Winner!

Build Orders:  

Get SALT Encoding   

  12  0:00  SCV  
  13  0:14  Supply Depot  
  13  0:18  SCV  
  14  0:35  Barracks  
  14  0:40  Refinery  
  14  0:55  Barracks  
  14  0:58  SCV  
  15  1:10  SCV  
  16  1:23  Reaper  
  16  1:24  Orbital Command  
  17  1:32  Refinery  
  17  1:42  Reaper  
  18  1:50  SCV  
  19  1:54  Supply Depot  
  19  1:58  Reaper  
  20  2:02  SCV  
  21  2:14  Reaper  
  22  2:15  SCV  
  23  2:28  SCV  
  24  2:30  Reaper  
  25  2:42  SCV  
  26  2:49  Factory  
  26  2:54  SCV, Reaper  
  25  3:06  SCV  
  25  3:09  Reaper  
  27  3:16  Command Center  
  27  3:18  SCV  
  28  3:23  Supply Depot  
  28  3:26  Reaper  
  29  3:30  SCV  
  29  3:33  Factory Reactor  
  30  3:42  Starport  
  30  3:43  SCV  
  31  3:55  SCV  
  32  4:04  Refinery  
  32  4:07  SCV  
  33  4:10  Cyclone x2  
  37  4:19  SCV  
  36  4:28  Orbital Command  
  36  4:30  Liberator  
  39  4:31  SCV  
  39  4:42  Cyclone  
  39  4:43  SCV, Cyclone  
  44  4:53  Supply Depot  
  44  4:56  SCV  
  44  4:58  SCV  
  46  5:04  Supply Depot  
  43  5:08  SCV  
  43  5:14  Cyclone  
  43  5:15  Viking, Cyclone  
  43  5:20  Barracks Tech Lab  
  50  5:23  SCV x2  
  50  5:24  Supply Depot  
  51  5:35  SCV x2  
  53  5:39  Supply Depot  
Show
View Real Time Build Order
Export as new Build Order

LiquidClem Terran 

Build Orders: Cyclone Opening 

Get SALT Encoding   

  12  0:00  SCV  
  13  0:12  SCV  
  14  0:16  Supply Depot  
  14  0:24  SCV  
  15  0:38  SCV  
  15  0:39  Barracks  
  16  0:42  Refinery  
  16  0:50  SCV  
  16  0:52  Refinery  
  17  1:02  SCV  
  18  1:14  SCV  
  19  1:27  Orbital Command, Reaper  
  19  1:31  Supply Depot  
  20  1:42  Factory  
  20  1:51  Bunker  
  20  1:55  SCV  
  20  1:59  Reaper  
  22  2:07  SCV  
  23  2:19  SCV  
  23  2:25  Cyclone  
  24  2:31  Marine, SCV  
  23  2:43  SCV  
  23  2:49  Marine  
  22  2:56  SCV  
  19  2:59  Cyclone  
  18  3:08  SCV  
  18  3:10  Barracks Reactor  
  19  3:16  Starport  
  19  3:20  SCV  
  20  3:32  SCV  
  20  3:33  Cyclone  
  23  3:44  SCV  
  23  3:47  Marine  
  23  3:48  Marine  
  26  3:56  SCV  
  26  3:59  Medivac  
  26  4:02  Supply Depot  
  29  4:08  SCV  
  30  4:23  Cyclone  
  33  4:24  Cyclone  
  33  4:27  Marine  
  33  4:29  SCV  
  32  4:37  Viking  
  34  4:44  Supply Depot  
  34  4:48  Marine  
  35  4:55  Cyclone  
  33  5:02  Cyclone  
  34  5:08  SCV  
  35  5:20  SCV  
  36  5:27  Cyclone  
  40  5:38  Supply Depot  
  40  5:42  SCV  
Tags
 
League
Master
Matchup
TvT
Player
ByuNClem
Race
Terran
Replay Pack
December 2023
Spawn Locations
Cross Positions
Add a new tag
Caveats
  • Supply blocks, unpowered buildings, or Contaminate may cause inaccurate times.
  • Supply counts are checked every 10 seconds.